 Dungeon Crawl Stone Soup version 0.18.1-1-g2f07953 (webtiles) character file.

177 AVATAR8128 the Stinger (level 5, 0/44 HPs)
             Began as a Draconian Venom Mage on Aug 24, 2016.
             Was an Initiate of Fedhas.
             Slain by Scattercatt's ghost (9 damage)
             ... on level 3 of the Dungeon.
             The game lasted 00:52:43 (2074 turns).

AVATAR8128 the Stinger (Draconian Venom Mage)       Turns: 2074, Time: 00:52:43

Health: 0/44       AC:  7    Str:  9 (12) XL:     5   Next: 30%
Magic:  8/9        EV: 12    Int: 12 (14) God:    Fedhas [......]
Gold:   103        SH:  0    Dex: 13 (14) Spells: 2 memorised, 5 levels left

rFire  . . .     SeeInvis .     l - -2 hand axe (curse)
rCold  . . .     Gourm    .     (armour unavailable)
rNeg   . . .     Faith    .     (no shield)
rPois  .         Spirit   .     (helmet restricted)
rElec  .         Dismiss  .     (no cloak)
rCorr  .         Reflect  .     (no gloves)
SustAt .         Harm     .     i - +1 pair of boots
MR     .....                    (no amulet)
Stlth  ++........               (no ring)
                                n - +4 ring of dexterity

@: lethally poisoned (0 -> -2), very slightly contaminated, invisible, not
resistant to hostile enchantments, unstealthy
A: unfitting armour, horns 1, stinger 1, clumsy 1, dopey 1, robust 1, strong 1,
cold-blooded, AC +5
a: Renounce Religion


You were on level 3 of the Dungeon.
You worshipped Fedhas.
Fedhas was noncommittal.
You were hungry.

You visited 1 branch of the dungeon, and saw 3 of its levels.

You collected 103 gold pieces.

Inventory:

Hand Weapons
 b - a +0 spear
 f - a +0 whip
 l - a cursed -2 hand axe (weapon)
Missiles
 c - 62 stones (quivered)
 m - 24 sling bullets
 o - 20 arrows
 p - 17 poisoned needles
Armour
 i - a +1 pair of boots (worn)
Jewellery
 n - a +4 ring of dexterity (left hand)
Wands
 g - a wand of digging (9/24)
Books
 a - a Young Poisoner's Handbook

   Spells                             Type                      Level
   a - Sting                          Conjuration/Poison           1
   b - Cure Poison                    Poison                       2
   c - Mephitic Cloud                 Conjuration/Poison/Air       3
   d - Olgreb's Toxic Radiance        Poison                       4
   e - Venom Bolt                     Conjuration/Poison           5
Comestibles
 j - a meat ration
 k - a slice of pizza
 q - a bread ration


   Skills:
 - Level 1.2 Fighting
 - Level 0.4 Axes
 + Level 2.2 Dodging
 + Level 2.1 Stealth
 + Level 2.9 Spellcasting
 - Level 1.6 Conjurations
 + Level 5.2 Poison Magic


You had 5 spell levels left.
You knew the following spells:

 Your Spells              Type           Power        Failure   Level  Hunger
a - Sting                 Conj/Pois      #...         8%          1    #......
b - Mephitic Cloud        Conj/Pois/Air  #.......     34%         3    ###....


Dungeon Overview and Level Annotations

Branches:
Dungeon (3/15)

Altars:
Fedhas
Pakellas

Annotations:
D:3 Scattercatt's ghost, amateur FeVM


Innate Abilities, Weirdness & Mutations

Your plain brown scales are hard (AC +5).
Your body does not fit into most forms of armour.
You are cold-blooded and may be slowed by cold attacks.
You have a pair of small horns on your head.
Your tail ends in a poisonous barb.
You are clumsy. (Dex -2)
You are dopey. (Int -2)
You are robust (+10% HP).
Your muscles are strong. (Str +2)


Message History

The sting hits you!
You are poisoned.
You feel sick.
You fade into invisibility!
You feel less confused.
You feel sick.
You are very lightly contaminated with residual magic.
Scattercatt's ghost stares at you and mumbles some strange words.
The sting hits you!
You are more poisoned.
You feel sick.
Scattercatt's ghost says, "They lied to you.
The Dungeon just goes down and down forever."
You are feeling hungry.
You feel sick.
You feel sick.
Scattercatt's ghost hits you but does no damage.
You feel sick.
You feel sick.
You feel sick. Scattercatt's ghost hits you!
You die...
Fedhas appreciates your contribution to the ecosystem.

##........
#####.....#.####
#..............#
########
###.###.....#.##.#
#.......
.#.....##PP....##.#
#.######
.#.....###P#.####[#
#.# .......###.#.#
#..# #.#
......[.##.#.###<###
#.#
##.......).÷....@..#
#.#
###..#.####.###W#.#
###.### #<.#.# #.#
#.#.# #.....# #..#§#
#.# #.#.# #.....###
#..#.# #.# #.#[#
#.........
#..#.####.###.#.#
#.....###.
#####.........#.#
###.....##
#.!#.....#####.#
#..........
#..'.##.##
#.###.#########


You could see Scattercatt's ghost.

Vanquished Creatures
  Jessica (D:2)
  Natasha (twice) (D:2)
  Terence (D:2)
  2 adders (D:2)
  A worm (D:3)
  4 dart slugs
  A giant gecko (D:1)
  3 giant cockroaches
  6 goblins
  5 hobgoblins
  5 kobolds
  A quokka (D:3)
  7 bats
  4 giant newts
  5 rats
48 creatures vanquished.

Vanquished Creatures (others)
  20 toadstools
20 creatures vanquished.

Grand Total: 68 creatures vanquished

Notes
Turn   | Place    | Note
--------------------------------------------------------------
     0 | D:1      | AVATAR8128 the Draconian Venom Mage began the quest for the Orb.
     0 | D:1      | Reached XP level 1. HP: 14/14 MP: 3/3
   158 | D:1      | Reached XP level 2. HP: 20/20 MP: 3/5
   792 | D:2      | Reached XP level 3. HP: 26/26 MP: 0/6
   800 | D:2      | Learned a level 3 spell: Mephitic Cloud
   817 | D:2      | Noticed Jessica
   823 | D:2      | Killed Jessica
   827 | D:2      | Found a blossoming altar of Fedhas.
   833 | D:2      | Became a worshipper of Fedhas Madash
   863 | D:2      | Noticed Natasha
   888 | D:2      | Killed Natasha
   888 | D:2      | Reached XP level 4. HP: 12/34 MP: 0/7
  1086 | D:2      | Noticed Natasha
  1090 | D:2      | Killed Natasha
  1090 | D:2      | Reached skill level 1 in Conjurations
  1090 | D:2      | Reached skill level 5 in Poison Magic
  1153 | D:2      | Noticed Terence
  1157 | D:2      | Found an oddly glowing altar of Pakellas.
  1204 | D:2      | Killed Terence
  1455 | D:2      | Reached XP level 5. HP: 39/39 MP: 1/9
  1484 | D:2      | Reached skill level 1 in Fighting
  1757 | D:2      | Gained mutation: Your magical capacity is low (-10% MP). [potion of mutation]
  1757 | D:2      | Gained mutation: You are clumsy. (Dex -2) [potion of mutation]
  1758 | D:2      | Gained mutation: You have a pair of small horns on your head. [potion of mutation]
  1758 | D:2      | Gained mutation: You are dopey. (Int -2) [potion of mutation]
  1758 | D:2      | Gained mutation: Your tail ends in a poisonous barb. [potion of mutation]
  1759 | D:2      | Lost mutation: Your magical capacity is low (-10% MP). [potion of mutation]
  1759 | D:2      | Gained mutation: You are robust (+10% HP). [potion of mutation]
  1759 | D:2      | Gained mutation: Your muscles are strong. (Str +2) [potion of mutation]
  1994 | D:3      | Noticed Scattercatt's ghost (amateur FeVM)
  2074 | D:3      | Slain by Scattercatt's ghost

Skill      XL: |  1  2  3  4  5 |
---------------+----------------+-----
Dodging        | 2 |  2.2
Stealth        | 2 |  2.1
Conjurations   | 1 |  1.6
Poison Magic   | 5 |  5.2
Fighting       | 1 |  1.2
Axes           | |  0.4
Spellcasting   | |  2.9

Action                   |  1- 3 |  4- 6 || total
-------------------------+-------+-------++-------
Melee: Hand axe          |    24 |    27 ||    51
       Tailslap          |     2 |     2 ||     4
 Cast: Sting             |    39 |    60 ||    99
       Mephitic Cloud    |       |     3 ||     3
  Use: Scroll            |     1 |     3 ||     4
       Potion            |     1 |     6 ||     7
  Eat: Chunk             |     1 |       ||     1
       Bread ration      |       |     1 ||     1
Armor: Skin              |     7 |     8 ||    15
Dodge: Dodged            |    27 |    37 ||    64
